 Dungeon Crawl Stone Soup version 0.20.1-1-g8b1a95d (webtiles) character file.

233 polve the Chopper (level 5, 0/41 HPs)
             Began as a Demonspawn Fighter on July 6, 2017.
             Slain by an orc priest
             ... wielding a +0 hand axe of electrocution
              (18 damage)
             ... on level 4 of the Dungeon.
             The game lasted 00:02:08 (3150 turns).

polve the Chopper (Demonspawn Fighter)              Turns: 3150, Time: 00:02:09

Health: 0/41       AC:  6    Str: 17    XL:     5   Next: 74%
Magic:  0/5        EV:  6    Int:  9    God:
Gold:   161        SH:  8    Dex: 13    Spells: 4/4 levels left

rFire    . . .     SeeInvis .   a - +0 war axe
rCold    . . .     Gourm    .   c - +0 shield
rNeg     . . .     Faith    .   b - +0 scale mail
rPois    .         Spirit   +   (helmet restricted)
rElec    .         Reflect  .   (no cloak)
rCorr    .         Harm     .   (no gloves)
MR       .....     Rnd*Tele +   (no boots)
Stlth    ..........             (no amulet)
Regen    1.2/turn               u - ring of teleportation (curse)
MPRegen  0.1/turn               (no ring)

@: no status effects
A: horns 1, powered by death 1, magic shield
a: no special abilities


You were on level 4 of the Dungeon.
You were hungry.

You visited 1 branch of the dungeon, and saw 4 of its levels.

You collected 161 gold pieces.

Inventory:

Hand Weapons
 a - a +0 war axe (weapon)
Armour
 b - a +0 scale mail (worn)
 c - a +0 shield (worn)
Jewellery
 q - a +2 ring of protection {unknown}
 u - a cursed ring of teleportation (left hand)
Scrolls
 e - 4 scrolls of remove curse {unknown}
 k - 5 scrolls of fear {unknown}
 o - a scroll of immolation {unknown}
 p - a scroll of magic mapping {unknown}
 r - 4 scrolls of teleportation {unknown}
 s - a scroll of amnesia {unknown}
Potions
 d - a potion of might
 g - 2 potions of agility {unknown}
 h - 2 potions of curing {unknown}
 j - a potion of ambrosia {unknown}
 l - a potion of haste {unknown}
 n - a potion of mutation {unknown}
 t - 2 potions of heal wounds {unknown}
 v - a potion of brilliance {unknown}
Books
 w - a book of Conjurations

   Spells                             Type                      Level
   a - Magic Dart                     Conjuration                  1
   b - Searing Ray                    Conjuration                  2
   c - Dazzling Spray                 Conjuration/Hexes            3
   d - Fulminant Prism                Conjuration/Hexes            4
   e - Force Lance                    Conjuration/Translocation    4
   f - Iskenderun's Mystic Blast      Conjuration                  4
Comestibles
 f - 2 bread rations
 i - 2 royal jellies
 m - a meat ration


   Skills:
 - Level 3.0 Fighting
 + Level 5.5 Axes
 - Level 2.6 Armour
 - Level 2.6 Shields


You had 4 spell levels left.
You didn't know any spells.

Dungeon Overview and Level Annotations

Branches:
Dungeon (4/15)
 Temple: D:4-7

Altars:
Cheibriados
Kikubaaqudgha
Makhleb
Qazlal
The Shining One


Innate Abilities, Weirdness & Mutations

You have a pair of small horns on your head.
You regenerate a little health from kills.
When hurt, damage is shared between your health and your magic reserves.


Message History

You are feeling hungry.
You hit the orc priest.
The orc priest is moderately wounded.
You closely miss the orc. The orc priest barely misses you.
You block the orc's attack.
You barely miss the orc priest. Your headbutt misses the orc priest.
The orc priest is moderately wounded.
You hit the orc. You block the orc priest's attack. The orc hits you.
The orc hits you but does no damage.
A howler monkey skeleton comes into view.
You slash the orc priest!
The orc priest is almost dead.
You hit the orc.
You kill the orc!
The orc priest calls down the wrath of Beogh upon you.
Pain shoots through your body!
* * * LOW HITPOINT WARNING * * *
The orc priest hits you but does no damage.
You are electrocuted!
You die...

.......### #........#
#...Z....# #........#
+........# #........#
#.....oo.# #......@[#
#........# #........#
#......†.# +........#
#........#
#........######+###+####
#.......................
#.......................


You could see 2 orc priests and a howler monkey skeleton.

Vanquished Creatures
  A howler monkey (D:4)
  2 orc wizards (D:3)
  5 adders
  A gnoll (D:1)
  A shadow imp (D:3)
  An ooze (D:2)
  A dart slug (D:2)
  A worm (D:3)
  A leopard gecko (D:1)
  7 orcs
  3 ball pythons
  2 giant cockroaches
  3 goblins
  5 hobgoblins
  4 jackals (D:1)
  7 kobolds
  9 bats
  6 frilled lizards
  9 rats
69 creatures vanquished.

Notes
Turn   | Place    | Note
-------+----------+-------------------------------------------
     0 | D:1      | polve the Demonspawn Fighter began the quest for the Orb.
     0 | D:1      | Reached XP level 1. HP: 18/18 MP: 1/1
    26 | D:1      | Reached skill level 2 in Axes
   587 | D:1      | Gained mutation: You have a pair of small horns on your head. [demonic ancestry]
   587 | D:1      | Reached XP level 2. HP: 21/24 MP: 2/2
  1208 | D:1      | Reached skill level 3 in Axes
  1222 | D:1      | Reached XP level 3. HP: 6/29 MP: 3/3
  1726 | D:2      | Found a burning altar of Makhleb.
  1726 | D:2      | Noticed a balrug
  2338 | D:3      | Gained mutation: You regenerate a little health from kills. [demonic ancestry]
  2338 | D:3      | Reached XP level 4. HP: 25/35 MP: 4/4
  2338 | D:3      | Reached skill level 4 in Axes
  2555 | D:3      | Gained mutation: When hurt, damage is shared between your health and your magic reserves. [demonic ancestry]
  2555 | D:3      | Reached XP level 5. HP: 34/41 MP: 5/5
  2574 | D:3      | Reached skill level 5 in Axes
  2769 | D:3      | Found an ancient bone altar of Kikubaaqudgha.
  2775 | D:3      | Found a snail-covered altar of Cheibriados.
  2780 | D:3      | Found a stormy altar of Qazlal.
  2903 | D:3      | Found a glowing golden altar of the Shining One.
  3150 | D:4      | Slain by an orc priest

Skill      XL: |  1  2  3  4  5 |
---------------+----------------+-----
Axes           | 2 3 4 5 |  5.5
Fighting       | |  3.0
Armour         | |  2.6
Shields        | |  2.6

Action                   |  1- 3 |  4- 6 || total
-------------------------+-------+-------++-------
Melee: War axe           |   119 |    86 ||   205
       Headbutt          |     9 |    12 ||    21
  Eat: Chunk             |     5 |     2 ||     7
Armor: Scale mail        |    68 |    46 ||   114
Dodge: Dodged            |    29 |    21 ||    50
Block: Shield            |    68 |    54 ||   122
